 Dungeon Crawl Stone Soup version 0.18-a0-1788-g92de1ac (webtiles) character file.

340 Mefis the Magician (level 6, -6/43 HPs)
             Began as a Human Wizard on Apr 19, 2016.
             Mangled by an iguana (14 damage)
             ... on level 4 of the Dungeon.
             The game lasted 00:42:29 (4795 turns).

Mefis the Magician (Human Wizard)                   Turns: 4795, Time: 00:42:30

Health: -6/43      AC:  6    Str:  7    XL:     6   Next: 87%
Magic:  5/13       EV: 13    Int: 20    God:
Gold:   230        SH:  0    Dex: 12    Spells: 6 memorised, 2 levels left

rFire  . . .     SeeInvis .     f - +0 dagger (freeze)
rCold  . . .     Gourm    .     s - +0 robe
rNeg   . . .     Faith    .     (no shield)
rPois  .         Spirit   .     n - +0 helmet
rElec  .         Dismiss  .     A - +0 cloak
rCorr  .         Reflect  .     (no gloves)
SustAt .         Harm     .     x - +0 pair of boots
MR     .....                    (no amulet)
Stlth  ++........               (no ring)
                                t - +2 ring of slaying

@: not resistant to hostile enchantments, unstealthy
A: shaggy fur 1
a: no special abilities


You were on level 4 of the Dungeon.
You were not hungry.

You visited 1 branch of the dungeon, and saw 4 of its levels.

You collected 230 gold pieces.

Inventory:

Hand Weapons
 f - a +0 dagger of freezing (weapon)
 H - a +1 mace of crushing
Missiles
 i - 11 poisoned needles
 k - 19 arrows
 o - 17 bolts
Armour
 a - a +0 robe
 b - a +0 hat
 n - a +0 helmet (worn)
 s - a +0 robe (worn)
 x - a +0 pair of boots (worn)
 A - a +0 cloak (worn)
Jewellery
 t - a +2 ring of slaying (left hand)
Wands
 g - a wand of flame (23/48)
Scrolls
 h - a scroll of fog {unknown}
 j - 2 scrolls of blinking {unknown}
 m - a scroll of recharging
 q - a scroll of enchant weapon {unknown}
 r - 3 scrolls of teleportation {unknown}
 F - a scroll of remove curse {unknown}
Potions
 u - a potion of berserk rage {unknown}
 w - a potion of flight {unknown}
 z - 2 potions of curing {unknown}
 C - a potion of lignification {unknown}
 E - 2 potions of haste {unknown}
Books
 c - a book of Minor Magic

   Spells                             Type                      Level
   a - Magic Dart                     Conjuration                  1
   b - Blink                          Translocation                2
   c - Call Imp                       Summoning                    2
   d - Repel Missiles                 Charms/Air                   2
   e - Slow                           Hexes                        2
   f - Conjure Flame                  Conjuration/Fire             3
   g - Mephitic Cloud                 Conjuration/Poison/Air       3
Comestibles
 d - 4 bread rations
 B - a beef jerky


   Skills:
 + Level 1.0 Fighting
 + Level 0.8 Short Blades
 + Level 1.2 Armour
 + Level 3.0 Dodging
 + Level 2.7 Stealth
 + Level 4.7 Spellcasting
 + Level 2.1 Conjurations
 + Level 0.2 Charms
 + Level 2.5 Summonings
 + Level 1.1 Translocations
 + Level 0.2 Evocations


You had 2 spell levels left.
You knew the following spells:

 Your Spells              Type           Power        Failure   Level  Hunger
a - Magic Dart            Conj           ##..         6%          1    None
b - Call Imp              Summ           ##......     10%         2    #......
c - Slow                  Hex            #.......     21%         2    #......
d - Repel Missiles        Chrm/Air       #.....       21%         2    #......
e - Conjure Flame         Conj/Fire      #.......     24%         3    ##.....
f - Blink                 Tloc           N/A          14%         2    #......


Dungeon Overview and Level Annotations

Branches:
Dungeon (4/15)
 Temple: D:4-7

Altars:
Dithmenos


Innate Abilities, Weirdness & Mutations

You are covered in fur (AC +1).


Message History

The iguana closely misses you.
Your crimson imp hits the iguana.
Casting: Call Imp
Confirm with . or Enter, or press ? or * to list all spells.
A beastly little devil appears in a puff of frigid air.
The iguana misses you.
Your crimson imp hits the iguana but does no damage.
Things that are here:
a morningstar; a chain mail
Casting: Call Imp
Confirm with . or Enter, or press ? or * to list all spells.
Aiming: Magic Dart
Press: ? - help, Shift-Dir - straight line, f/p - iguana
Aim: an iguana (lightly wounded)
Okay, then.
Casting: Magic Dart
Confirm with . or Enter, or press ? or * to list all spells.
A beastly little devil appears in a puff of frigid air.
The iguana bites you!
You die...

#..########.#
#.........#.##
#.#######....##
#..........#...
#.#####......##
#.####........#
######.#.<5.........
..........##.....##.
.######...##l@...#
#......55.....##
#.##>......)....#
........##.........
###.###..###.#.####<
#. #... ...... #
#.## #...... ..
#.....#. ### .....#


You could see an iguana, a friendly crimson imp and 2 friendly white imps.

Vanquished Creatures
  An orc priest (D:3)
  Ijyb (D:2)
  An orc wizard (D:3)
  Natasha (twice) (D:3)
  A worker ant (D:4)
  7 adders
  An ooze (D:1)
  2 worms
  3 giant geckos
  7 orcs
  2 ball pythons (D:1)
  10 bats
  5 giant cockroaches
  6 goblins
  5 hobgoblins
  6 jackals
  3 giant newts
  2 kobolds (D:1)
  10 rats
75 creatures vanquished.

Vanquished Creatures (collateral kills)
  Natasha (D:3)
  An orc wizard (D:4)
  3 adders
  2 worms
  A dart slug (D:2)
  A giant gecko (D:4)
  5 orcs
  2 giant cockroaches
  A goblin (D:2)
  A jackal (D:2)
  2 kobolds
  2 rats (D:2)
22 creatures vanquished.

Grand Total: 97 creatures vanquished

Notes
Turn   | Place    | Note
--------------------------------------------------------------
     0 | D:1      | Mefis the Human Wizard began the quest for the Orb.
     0 | D:1      | Reached XP level 1. HP: 13/13 MP: 4/4
   279 | D:1      | Reached XP level 2. HP: 19/19 MP: 0/6
   558 | D:1      | Learned a level 2 spell: Call Imp
   562 | D:1      | Learned a level 2 spell: Slow
   565 | D:1      | Learned a level 2 spell: Repel Missiles
   930 | D:1      | Reached XP level 3. HP: 25/25 MP: 7/7
  2218 | D:2      | Reached XP level 4. HP: 31/31 MP: 5/9
  2408 | D:2      | Reached skill level 1 in Armour
  2526 | D:2      | Noticed Ijyb
  2539 | D:2      | Killed Ijyb
  2787 | D:2      | Reached XP level 5. HP: 36/36 MP: 4/10
  2999 | D:2      | Reached skill level 4 in Spellcasting
  3156 | D:3      | Noticed Natasha
  3163 | D:3      | Killed Natasha
  3182 | D:3      | Learned a level 3 spell: Conjure Flame
  3185 | D:3      | Learned a level 2 spell: Blink
  3271 | D:3      | Noticed Natasha
  3281 | D:3      | Gained mutation: Potions and wands are less effective at restoring your health. [potion of mutation]
  3281 | D:3      | Gained mutation: You are covered in fur (AC +1). [potion of mutation]
  3281 | D:3      | Gained mutation: You passively map a small area around you. [potion of mutation]
  3282 | D:3      | Lost mutation: Potions and wands are less effective at restoring your health. [potion of cure mutation]
  3282 | D:3      | Lost mutation: You passively map a small area around you. [potion of cure mutation]
  3285 | D:3      | Killed Natasha
  3330 | D:3      | Noticed Natasha
  3369 | D:3      | Reached XP level 6. HP: 31/42 MP: 2/12
  3376 | D:3      | Killed Natasha
  3676 | D:3      | Found a shadowy altar of Dithmenos.
  3987 | D:3      | Reached skill level 1 in Fighting
  4795 | D:4      | Mangled by an iguana

Vault maps used:
D:1:      dpeg_arrival_line_fractal, lemuel_another_geyser
D:2:      first_bread, uniq_iyjb
D:3:      nicolae_overflow_crystal_walls, minmay_stone_trees_small, uniq_natasha
D:4:      gammafunk_temple_overflow_wave

Skill      XL: |  1  2  3  4  5  6 |
---------------+-------------------+-----
Armour         | 1 |  1.2
Spellcasting   | 4 |  4.7
Summonings     | 2 |  2.5
Conjurations   | 2 |  2.1
Fighting       | 1 |  1.0
Dodging        | 3 |  3.0
Short Blades   | |  0.8
Stealth        | |  2.7
Charms         | |  0.2
Translocations | |  1.1
Evocations     | |  0.2

Action                   |  1- 3 |  4- 6 || total
-------------------------+-------+-------++-------
Melee: Dagger            |   100 |   111 ||   211
Throw: Tomahawk          |       |     1 ||     1
 Cast: Magic Dart        |    42 |    84 ||   126
       Call Imp          |     9 |    29 ||    38
       Slow              |       |     2 ||     2
       Blink             |       |     4 ||     4
       Conjure Flame     |       |     1 ||     1
       Repel Missiles    |       |     1 ||     1
Evoke: Wand              |       |     3 ||     3
  Use: Scroll            |     1 |     3 ||     4
       Potion            |       |     4 ||     4
 Stab: Sleeping          |     1 |     2 ||     3
       Distracted        |       |     3 ||     3
  Eat: Chunk             |     4 |     4 ||     8
       Bread ration      |       |     2 ||     2
Armor: Robe              |     1 |    44 ||    45
       Leather armour    |    24 |       ||    24
Dodge: Dodged            |    75 |   112 ||   187
       Deflected         |       |     1 ||     1
